 Dungeon Crawl Stone Soup version 0.26.1-11-gd32895ea62 (webtiles) character file.

Game seed: 4479035055068514741

371 nothank2 the Carver (level 6, -9/51 HPs)
             Began as a Minotaur Fighter on June 23, 2021.
             Killed from afar by Dowan (28 damage)
             ... with a shard of ice
             ... on level 4 of the Dungeon.
             The game lasted 00:03:56 (3145 turns).

nothank2 the Carver (Minotaur Fighter)              Turns: 3145, Time: 00:03:57

Health: -9/51      AC:  6    Str: 23    XL:     6   Next: 42%
Magic:  5/5        EV:  7    Int:  5    God:
Gold:   136        SH:  9    Dex:  9    Spells: 5/5 levels left

rFire    . . .     SeeInvis .   a - +0 long sword
rCold    . . .     Faith    .   c - +0 kite shield
rNeg     . . .     Spirit   .   b - +0 scale mail
rPois    .         Reflect  .   (helmet restricted)
rElec    .         Harm     .   (no cloak)
rCorr    .         Rampage  .   (no gloves)
Will     .....                  (no boots)
Stlth    ..........             (no amulet)
HPRegen  0.17/turn              (no ring)
MPRegen  0.09/turn              (no ring)

@: no status effects
A: retaliatory headbutt, horns 2
a: no special abilities


You were on level 4 of the Dungeon.
You visited 1 branch of the dungeon, and saw 4 of its levels.

You collected 136 gold pieces.

Inventory:

Hand Weapons
 a - a +0 long sword (weapon)
Missiles
 n - 23 poisoned darts (quivered)
Armour
 b - a +0 scale mail (worn)
 c - a +0 kite shield (worn)
Scrolls
 f - 4 scrolls of remove curse {unknown}
 i - 3 scrolls of random uselessness {unknown}
 j - a scroll of noise {unknown}
 m - a scroll of magic mapping {unknown}
 o - a scroll of identify {unknown}
 p - a scroll of enchant armour {unknown}
Potions
 d - a potion of might
 e - a potion of invisibility {unknown}
 g - 5 potions of heal wounds {unknown}
 h - a potion of mutation {unknown}
 k - a potion of attraction {unknown}
 l - a potion of flight {unknown}
 q - a potion of degeneration {unknown}


   Skills:
 - Level 3.6 Fighting
 + Level 8.3 Long Blades
 - Level 3.6 Armour
 - Level 3.6 Shields


You had 5 spell levels left.
You didn't know any spells.
Your spell library was empty.

Dungeon Overview and Level Annotations

Branches:
Dungeon (4/15)
 Temple: D:4-7

Altars:

Annotations:
D:4 Dowan


Innate Abilities, Weirdness & Mutations

You reflexively headbutt those who attack you in melee.
You have a pair of horns on your head.


Message History

You hit Dowan but do no damage. You block Dowan's attack.
You completely miss Dowan. You headbutt Dowan!
Dowan is heavily wounded.
Dowan breathes, "And she was my only..."
You block Dowan's attack. Dowan hits you with a +0 dagger.
You closely miss Dowan.
Dowan is heavily wounded.
Dowan hits you but does no damage. Dowan hits you with a +0 dagger.
You hit Dowan.
Dowan is severely wounded.
Dowan hits you but does no damage.
You closely miss Dowan. You headbutt Dowan.
Dowan is almost dead.
Dowan hits you with a +0 dagger. x2
You closely miss Dowan.
Dowan is almost dead.
Dowan gestures at you while chanting. The shard of ice hits you!!
Ouch! That really hurt!
You die...

.......#.##..........##.......#
.......#.##..........##.......#
......(..###.........#########.
.........##..................
.......#..#..........########
......#..............#
........#............#
.......##.#..........# .......#
......†@...## .......#
#.....e)..## ###...##### #...
#.. #.. #. ..


You could see Dowan (fast).

Vanquished Creatures
  Duvessa (D:4)
  A sky beast (D:2)
  An orc wizard (D:3)
  A worker ant (D:3)
  4 adders (D:2)
  3 worms
  2 dart slugs
  3 leopard geckos
  8 orcs (D:3)
  7 giant cockroaches
  4 goblins
  10 hobgoblins
  7 jackals
  A quokka (D:2)
  4 bats
  5 frilled lizards
  7 kobolds
  6 rats
75 creatures vanquished.

Notes
Turn   | Place    | Note
-------+----------+-------------------------------------------
     0 | D:1      | nothank2 the Minotaur Fighter began the quest for the Orb.
     0 | D:1      | Reached XP level 1. HP: 19/19 MP: 0/0
   114 | D:1      | Reached skill level 3 in Long Blades
   173 | D:1      | Reached XP level 2. HP: 26/26 MP: 1/1
   769 | D:1      | Reached skill level 4 in Long Blades
   869 | D:2      | Reached XP level 3. HP: 20/31 MP: 2/2
  1132 | D:2      | Reached skill level 5 in Long Blades
  1404 | D:2      | Noticed a sky beast
  1411 | D:2      | Killed a sky beast
  1412 | D:2      | Reached skill level 6 in Long Blades
  1412 | D:2      | Reached XP level 4. HP: 32/39 MP: 3/3
  1412 | D:2      | Reached XP level 5. HP: 37/45 MP: 4/4
  2256 | D:3      | Reached skill level 7 in Long Blades
  3079 | D:4      | Reached XP level 6. HP: 48/51 MP: 5/5
  3122 | D:4      | Noticed Duvessa
  3124 | D:4      | Noticed Dowan
  3139 | D:4      | Killed Duvessa
  3140 | D:4      | Reached skill level 8 in Long Blades
  3145 | D:4      | Killed from afar by Dowan

Illustrated notes

Levels and vault maps discovered:
D:1:      mrwooster_arrival_statue, layout_basic, minmay_misc_feat_five,
          grunt_decor_one_mirror, st_stairs_8
D:2:      layout_basic
D:3:      layout_basic
D:4:      layout_rooms, nicolae_qazlal_eye_of_the_storm, uniq_duvessa

Skill      XL: |  1  2  3  4  5  6 |
---------------+-------------------+-----
Long Blades    | 3 4 6 7 8 |  8.3
Fighting       | |  3.6
Armour         | |  3.6
Shields        | |  3.6

Action                   |  1- 3 |  4- 6 || total
-------------------------+-------+-------++-------
Melee: Long sword        |    88 |   110 ||   198
       Headbutt          |     8 |    24 ||    32
Armor: Scale mail        |    39 |    42 ||    81
Dodge: Dodged            |    17 |    19 ||    36
Block: Kite shield       |    33 |    58 ||    91
       Rpst.: Long sword |     3 |     6 ||     9
